 Dungeon Crawl Stone Soup version 0.24-a0-411-g4df2b1290f (webtiles) character file.

Game seed: 6470261665327289232

29727 Gargoyl the Agent of Entropy (level 13, -11/107 HPs)
             Began as a Centaur Abyssal Knight on June 6, 2019.
             Was a Priest of Lugonu.
             Mangled by Rupert
             ... wielding a +2 great mace of protection
              (35 damage)
             ... on level 5 of the Lair of Beasts.
             The game lasted 00:33:24 (21089 turns).

Gargoyl the Agent of Entropy (CeAK)                Turns: 21089, Time: 00:33:25

Health: -11/107    AC: 27    Str: 24    XL:     13   Next: 16%
Magic:  20/20      EV:  6    Int: 11    God:    Lugonu [***...]
Gold:   870        SH:  5    Dex: 12    Spells: 12/12 levels left

rFire    . . .     SeeInvis .   G - +1 broad axe (flame)
rCold    . . .     Gourm    .   k - +1 buckler
rNeg     . . .     Faith    .   t - +8 plate armour of the Shore {Str+4 Stlth+}
rPois    .         Spirit   .   C - +1 helmet of Yredelemnul's Whim {-Cast MR+ Regen+}
rElec    .         Reflect  .   z - scarf {repulsion}
rCorr    .         Harm     .   (no gloves)
MR       ++...     NoCast   +   x - -1 centaur barding
Stlth    ..........             (no amulet)
HPRegen  0.67/turn              e - +3 ring of strength
MPRegen  0.17/turn              H - ring of protection from magic

@: lethally poisoned (-11 -> -11), repel missiles, very quick
A: large, hooves 3, deformed body, speed 2, tough skin 3
a: Depart the Abyss, Bend Space, Banish, Renounce Religion


You were on level 5 of the Lair of Beasts.
You worshipped Lugonu.
Lugonu was most pleased with you.
You were not hungry.

You visited 2 branches of the dungeon, and saw 15 of its levels.
You visited the Abyss 2 times.
You also visited: Sewer.

You collected 930 gold pieces.
You spent 60 gold pieces at shops.

Inventory:

Hand Weapons
 a - a +2 hand axe of freezing
 E - the +2 long sword of Causality {drain, Str+5 Int-2 Dex+3}
   (You found it on level 3 of the Lair of Beasts)

   A truly terrible weapon, it drains the life of those it strikes.
   It affects your strength (+5).
   It affects your intelligence (-2).
   It affects your dexterity (+3).
 G - a +1 broad axe of flaming (weapon)
Armour
 k - a +1 buckler (worn)
 t - the +8 plate armour of the Shore (worn) {Str+4 Stlth+}
   (You found it on level 5 of the Dungeon)

   It affects your strength (+4).
   It makes you more stealthy.
 x - a -1 centaur barding (worn)
 z - a scarf of repulsion (worn)
 C - the +1 helmet of Yredelemnul's Whim (worn) {-Cast MR+ Regen+}
   (You found it on level 3 of the Lair of Beasts)

   It affects your resistance to hostile enchantments.
   It prevents spellcasting.
   It increases your rate of regeneration.
Jewellery
 e - a +3 ring of strength (left hand)
 g - an uncursed ring of protection from fire
 i - an uncursed ring of positive energy
 F - an uncursed ring of flight
 H - a ring of protection from magic (right hand)
Wands
 j - a wand of paralysis (8)
 m - a wand of enslavement (19)
 u - a wand of digging (15)
 w - a wand of polymorph (9)
 B - a wand of disintegration (8)
Scrolls
 b - 6 scrolls of identify
 d - 7 scrolls of remove curse
 n - a scroll of immolation {unknown}
 q - 3 scrolls of amnesia
 s - 4 scrolls of teleportation
 v - a scroll of blinking
 y - a scroll of brand weapon
Potions
 f - a potion of brilliance
 h - a potion of curing
 l - 2 potions of agility
 o - 3 potions of flight
 p - a potion of resistance
 r - 2 potions of might
 A - a potion of heal wounds
 D - a potion of cancellation
Comestibles
 c - 23 rations


   Skills:
 + Level 8.1 Fighting
 + Level 3.6 Long Blades
 + Level 9.5 Axes
 * Level 9.8 Armour
 * Level 6.5 Dodging
 + Level 3.5 Shields
 * Level 10.5 Invocations
 + Level 0.2 Evocations


You had 12 spell levels left.
You didn't know any spells.
Your spell library was empty.

Dungeon Overview and Level Annotations

Branches:
Dungeon (9/15)             Temple (0/1) D:6            Lair (6/6) D:8
 Shoals (0/4) Lair:3       Spider (0/4) Lair:3
  Slime: Lair:5-6       Orc: D:9-12

Altars:
Cheibriados
Elyvilon
Fedhas

Shops:
D:7 }   D:8 !

Annotations:
Lair:2 1 runed translucent door, Romn's ghost, journeyman MfIE
Lair:3 exclusion: 2 oklob plants
Lair:5 Rupert
Lair:6 Nessos


Innate Abilities, Weirdness & Mutations

You have hooves in place of feet.
Armour fits poorly on your strangely shaped body.
You cover ground very quickly.
You have extremely tough skin. (AC +3)


Message History

Rupert hits you with a +2 great mace of protection!!
* * * LOW HITPOINT WARNING * * *
Unknown command.
You hit Rupert. You burn Rupert. Your kick misses Rupert.
Rupert is moderately wounded.
You feel sick.
Rupert hits you with a +2 great mace of protection!
* * * LOW HITPOINT WARNING * * *
You slash Rupert! You burn Rupert. You kick Rupert, but do no damage.
Rupert is moderately wounded.
You block Rupert's attack.
You hit Rupert but do no damage. You kick Rupert.
Rupert is moderately wounded.
Rupert hits you but does no damage. x2
Unknown command.
You slash Rupert! You burn Rupert!
Rupert is heavily wounded.
You feel sick.
Rupert hits you with a +2 great mace of protection!!
You die...

..# ##............P.......P#
..######...#P...............P#
....##...####..............P##
..........###..............##
.........P#..P....P###.P÷...#
.....##...........####.#....#
.##P.#..^........##P##.#....#
.######...###..............##
.## #...###...@...........#
..# ##..#.##..@>..........##
..#### #....##...†..#........#
.P##.###....##...#####.###.###
...##.#......#...#####.###...#
................#.##.P.....###
...........................#
.##.##...#P....P###..#.##.##
##.###.######.### ##.######


You could see Rupert (berserk).

Vanquished Creatures
  Snorg (Lair:5)
  The ghost of Raghazun the Unseen, a journeyman NaEn of Dithmenos (Lair:4)
  2 hydras
  Urug (Lair:5)
  3 death yaks (Lair:2)
  The ghost of schwarznadel the Cleaver, a novice FoFi of the Shining One (D:8)
  Nergalle (Lair:2)
  4 elephants (Lair:4)
  A merfolk siren (Lair:3)
  6 black mambas
  2 torpor snails (Lair:3)
  6 spiny frogs
  3 komodo dragons
  3 rime drakes
  3 merfolk
  A polar bear (Lair:2)
  A queen bee (D:8)
  5 hippogriffs
  A shadow (D:8)
  A wyvern (Lair:3)
  A basilisk (Lair:1)
  34 yaks
  A hungry ghost (D:8)
  3 small abominations (Abyss:1)
  7 porcupines
  9 water moccasins
  An ice beast (D:6)
  2 orc warriors (D:7)
  Duvessa (D:6)
  A black bear (D:9)
  A phantom (D:5)
  A sky beast (D:5)
  4 ogres
  3 centaurs
  9 crocodiles
  15 bullfrogs
  A big kobold (D:7)
  Dowan (D:6)
  A gnoll sergeant (D:8)
  4 scorpions
  A water moccasin skeleton (D:9)
  6 killer bees (D:8)
  A crimson imp (D:9)
  A howler monkey (D:5)
  A quasit (D:9)
  3 orc wizards
  3 hounds
  A centaur skeleton (D:5)
  An orc priest (D:7)
  An iron imp (Abyss:1)
  A jelly (D:7)
  A gnoll shaman (D:6)
  2 iguanas (D:8)
  Terence (D:3)
  6 worker ants
  A hound zombie (D:5)
  A howler monkey zombie (D:9)
  10 gnolls
  12 adders
  An ufetubus (Abyss:1)
  6 oozes
  An adder skeleton (D:7)
  3 worms
  3 dart slugs
  20 leopard geckos
  17 orcs
  7 bats
  16 giant cockroaches
  5 goblins
  8 hobgoblins
  9 kobolds
  2 quokkas
  12 ball pythons
  15 frilled lizards
  A jackal zombie (D:7)
  A leopard gecko skeleton (D:7)
  A quokka skeleton (D:7)
  9 rats
  A fungus (Lair:1)
  2 plants (Lair:3)
341 creatures vanquished.

Vanquished Creatures (collateral kills)
  A spiny frog (Lair:3)
1 creature vanquished.

Vanquished Creatures (others)
  The ghost of Noxiv the Cleaver, a journeyman FoFi of Hepliaklqana (Lair:3)
  The ghost of Sigygo the Fighter, a journeyman DsFi of Gozag (Lair:4)
  The ghost of Niystymau the Zephyrmancer, a journeyman DrAE of Sif Muna (Lair:4)
  9 fungi
  2 plants
  2 withered plants (Lair:2)
16 creatures vanquished.

Grand Total: 358 creatures vanquished

Notes
Turn   | Place    | Note
-------+----------+-------------------------------------------
     0 | Abyss:1  | Gargoyl the Centaur Abyssal Knight began the quest for the
                  | Orb.
     0 | Abyss:1  | Reached XP level 1. HP: 19/19 MP: 2/2
     0 | Abyss:1  | Found a corrupted altar of Lugonu.
    33 | Abyss:1  | Found a corrupted altar of Lugonu.
    42 | Abyss:1  | Found a corrupted altar of Lugonu.
   123 | Abyss:2  | Noticed a mana viper
   146 | D:1      | Escaped the Abyss
   243 | D:1      | Reached XP level 2. HP: 25/26 MP: 3/3
   279 | D:1      | Reached skill level 1 in Dodging
   355 | D:1      | Reached * piety under Lugonu
   895 | D:1      | Reached XP level 3. HP: 31/31 MP: 4/4
  1806 | D:3      | Reached XP level 4. HP: 38/38 MP: 4/6
  1815 | D:3      | Noticed Terence
  1819 | D:3      | Killed Terence
  2191 | D:3      | Reached ** piety under Lugonu
  2903 | D:4      | Reached XP level 5. HP: 46/46 MP: 7/7
  2946 | D:4      | Reached skill level 3 in Invocations
  3430 | D:5      | Entered Level 5 of the Dungeon
  3443 | D:5      | Noticed a sky beast
  3450 | D:5      | Killed a sky beast
  3450 | D:5      | Reached XP level 6. HP: 48/52 MP: 8/8
  3787 | D:5      | Found a glowing drain.
  3808 | Sewer    | Entered a sewer
  3943 | Sewer    | Reached XP level 7. HP: 56/59 MP: 9/9
  4017 | Sewer    | Reached *** piety under Lugonu
  4241 | Sewer    | Reached skill level 4 in Invocations
  4710 | D:5      | Got a citrine-encrusted plate armour
  4721 | D:5      | Identified the +8 plate armour of the Shore {Str+4 Stlth+}
                  | (You found it on level 5 of the Dungeon)
  5032 | D:5      | Found a snail-covered altar of Cheibriados.
  5033 | D:5      | Found a blossoming altar of Fedhas.
  5262 | D:6      | Noticed a hippogriff
  5274 | D:6      | Killed a hippogriff
  5274 | D:6      | Reached XP level 8. HP: 54/67 MP: 11/11
  5357 | D:6      | Noticed Duvessa
  5357 | D:6      | Noticed Dowan
  5432 | D:6      | Killed Duvessa
  5439 | D:6      | Killed Dowan
  5541 | D:6      | Reached skill level 5 in Axes
  5911 | D:6      | Found a staircase to the Ecumenical Temple.
  6372 | D:7      | Reached **** piety under Lugonu
  6542 | D:6      | Reached skill level 5 in Invocations
  6723 | D:7      | Reached skill level 5 in Fighting
  6746 | D:7      | Reached skill level 5 in Armour
  6836 | D:7      | Found Basch's Gadget Boutique.
  6845 | D:7      | Reached XP level 9. HP: 64/74 MP: 12/12
  7717 | D:8      | Found Mipian's Distillery.
  7721 | D:8      | Bought a potion of might for 60 gold pieces
  7787 | D:8      | Reached skill level 1 in Shields
  7940 | D:8      | Reached skill level 6 in Invocations
  8112 | D:8      | Found a transporter.
  8112 | D:8      | Found a transporter.
  8123 | D:8      | Noticed schwarznadel's ghost (novice FoFi)
  8125 | D:8      | Noticed a queen bee
  8135 | D:8      | Killed a queen bee
  8162 | D:8      | Killed schwarznadel's ghost
  8162 | D:8      | Reached XP level 10. HP: 27/83 MP: 14/14
  8433 | D:8      | Found a staircase to the Lair.
  9241 | D:8      | Reached ***** piety under Lugonu
 10040 | Lair:1   | Entered Level 1 of the Lair of Beasts
 10221 | Lair:1   | Reached skill level 7 in Invocations
 11589 | Lair:1   | Reached XP level 11. HP: 74/91 MP: 16/16
 12047 | Lair:1   | Reached skill level 5 in Dodging
 12316 | Lair:2   | Noticed a six-headed hydra
 12327 | Lair:2   | Killed a one-headed hydra
 12473 | Lair:2   | Found a runed translucent door.
 12474 | Lair:2   | Noticed Romn's ghost (journeyman MfIE)
 13890 | Lair:2   | Noticed Nergalle
 13916 | Lair:2   | Killed Nergalle
 14230 | Lair:2   | Noticed a lindwurm
 14248 | Lair:2   | Noticed a lindwurm
 14250 | Lair:2   | Noticed a lindwurm
 14253 | Lair:2   | Noticed a lindwurm
 14436 | Lair:2   | Escaped the Abyss
 14796 | Lair:3   | Reached skill level 8 in Invocations
 15047 | Lair:3   | Found a staircase to the Shoals.
 15459 | Lair:3   | Noticed a death yak
 15461 | Lair:3   | Noticed a death yak
 15581 | Lair:2   | Banished a death yak
 16537 | Lair:3   | Got a faintly glowing helmet
 16543 | Lair:3   | Identified the +1 helmet of Yredelemnul's Whim {-Cast MR+
                  | Regen+} (You found it on level 3 of the Lair of Beasts)
 16562 | Lair:3   | Found a white marble altar of Elyvilon.
 16588 | Lair:3   | Noticed a death yak
 16725 | Lair:2   | Killed a death yak
 16735 | Lair:2   | Reached XP level 12. HP: 50/100 MP: 18/18
 16842 | Lair:2   | Killed a death yak
 17051 | Lair:3   | Noticed a death yak
 17110 | Lair:2   | Reached skill level 9 in Invocations
 17164 | Lair:2   | Killed a death yak
 17367 | Lair:3   | Got an ivory long sword
 17368 | Lair:3   | Identified the +2 long sword of Causality {drain, Str+5
                  | Int-2 Dex+3} (You found it on level 3 of the Lair of
                  | Beasts)
 17395 | Lair:3   | Found a hole to the Spider Nest.
 17936 | Lair:3   | Reached skill level 1 in Long Blades
 18336 | Lair:4   | Found a runed translucent gate.
 18528 | Lair:4   | Found a runed translucent gate.
 18528 | Lair:4   | Noticed Sigygo's ghost (journeyman DsFi)
 18528 | Lair:4   | Noticed Sigygo's ghost (journeyman DsFi)
 18529 | Lair:4   | Found a runed translucent gate.
 18529 | Lair:4   | Noticed Noxiv's ghost (journeyman FoFi)
 18529 | Lair:4   | Noticed Niystymau's ghost (journeyman DrAE)
 18529 | Lair:4   | Noticed Raghazun's ghost (journeyman NaEn)
 18560 | Lair:4   | Killed Raghazun's ghost
 18647 | Lair:4   | Banished Niystymau's ghost
 18895 | Lair:3   | Banished Noxiv's ghost
 18961 | Lair:4   | Reached skill level 10 in Invocations
 19160 | Lair:4   | Got a fine plate armour
 19175 | Lair:4   | Banished Sigygo's ghost
 19317 | Lair:4   | Identified the +10 plate armour of Lesser Demons {rN+ Int+4
                  | Dex-5} (You found it on level 4 of the Lair of Beasts)
 19587 | Lair:4   | Noticed an eight-headed hydra
 19596 | Lair:4   | Killed a three-headed hydra
 19746 | Lair:5   | Noticed Snorg
 19813 | Lair:5   | Killed Snorg
 19813 | Lair:5   | Reached XP level 13. HP: 106/107 MP: 20/20
 20148 | Lair:5   | Noticed Urug
 20179 | Lair:5   | Killed Urug
 21010 | Lair:6   | Entered Level 6 of the Lair of Beasts
 21010 | Lair:6   | Noticed Rupert
 21011 | Lair:6   | Noticed Nessos
 21089 | Lair:5   | Mangled by Rupert

Levels and vault maps discovered:
D:1:      lightli_arrival_maybe_door_vault, layout_basic, columned_hall_lemuel
D:2:      layout_rooms, serial_glass, glass_columns_c, glass_columns_a,
          glass_columns_a, glass_columns_b, glass_columns_a, glass_columns_c
D:3:      layout_basic, serial_rivers, chequers_serial_rivers_room_a,
          chequers_serial_rivers_room_a, chequers_serial_rivers_micro_a,
          chequers_serial_rivers_large_b, chequers_serial_rivers_small_a,
          uniq_terence
D:4:      layout_loops_corners
D:5:      layout_loops_ring, gammafunk_temple_overflow_pools,
          gup_sewer_entry_glass, lightli_ossuary_entry_decrepit_ruins,
          first_ration, item_on_display_a
D:6:      layout_loops_ring, minmay_temple_entry_gardened_gates, uniq_duvessa
D:7:      layout_cave_pods, serial_shops, shop
D:8:      layout_layer_cave, minmay_lair_entry_grove, serial_shops, shop,
          gammafunk_ghost_hive
D:9:      layout_big_octagon, grunt_ogre_cave
Lair:1:   layout_cave_pods, chequers_serial_rivers_micro_b, patterned_corridor
Lair:2:   layout_concentric_octagons, gammafunk_ghost_grave,
          minmay_lindwurm_lava, uniq_nergalle
Lair:3:   layout_chaotic_city, elwin_shoals_entry_stream,
          nicolae_spider_entry_non_spiders, basic_altar,
          chequers_serial_rivers_small_3, lemuel_fruit_tree,
          minmay_lair_oklob_chamber, grunt_megastairs_1
Lair:4:   layout_regular_city, gammafunk_ghost_cemetery
Lair:5:   layout_small_grid, uniq_snorg, uniq_urug
Lair:6:   cheibrodos_lair_end_hotspot, layout_regular_city, slime_dummy,
          uniq_nessos, uniq_rupert

Skill      XL: |  1  2  3  4  5  6  7  8  9 10 11 12 |
---------------+-------------------------------------+-----
Dodging        | 1 2 3 4 5 6 |  6.5
Axes           | 2 3 4 5 7 8 9 |  9.5
Armour         | 2 3 4 5 6 7 8 9 |  9.8
Invocations    | 3 4 5 6 7 8 10 | 10.5
Fighting       | 4 5 6 7 8 |  8.1
Shields        | 1 2 3 |  3.5
Long Blades    | 3 |  3.6
Evocations     | |  0.2

Action                   |  1- 3 |  4- 6 |  7- 9 | 10-12 | 13-15 || total
-------------------------+-------+-------+-------+-------+-------++-------
Melee: Hand axe          |    88 |   115 |   350 |   596 |       ||  1149
       Kick              |    12 |    16 |   105 |   365 |    25 ||   523
       Unarmed           |       |       |     3 |       |       ||     3
       Long sword        |       |       |       |   193 |       ||   193
       Broad axe         |       |       |       |    38 |    90 ||   128
Invok: Depart the Abyss  |     1 |       |       |     1 |       ||     2
       Banish            |       |       |       |     9 |       ||     9
       Enter the Abyss   |       |       |       |     1 |       ||     1
Evoke: Wand              |       |       |       |     7 |       ||     7
       Sack of spiders   |       |       |       |     1 |       ||     1
  Use: Scroll            |     5 |     2 |    11 |    13 |       ||    31
       Potion            |     1 |       |     4 |     8 |       ||    13
 Stab: Invisible         |       |       |       |     1 |       ||     1
  Eat: Chunk             |     1 |     6 |    12 |    17 |     3 ||    39
       Ration            |       |       |       |     6 |       ||     6
Armor: Leather armour    |    38 |       |       |       |       ||    38
       Scale mail        |    16 |       |       |       |       ||    16
       Chain mail        |       |    78 |    53 |       |       ||   131
       Plate armour      |       |       |   263 |   695 |    64 ||  1022
Dodge: Dodged            |    44 |    36 |    85 |   210 |    30 ||   405
       Deflected         |       |       |       |     1 |     3 ||     4
Block: Buckler           |       |       |    51 |   191 |    18 ||   260
       Rpst.: Long sword |       |       |       |    19 |       ||    19

Table legend:
 A = Non-vault XP
 B = Vault XP
 C = Vault XP percentage of total XP
 D = Non-vault monster count
 E = Vault monster count
 F = Vault count percentage of total count
                 A         B        C        D         E       F
            +---------+---------+-------+---------+---------+-------
      Total |   30437 |   12031 |  28.3 |     252 |      91 |  26.5
            +---------+---------+-------+---------+---------+-------
        D:1 |      41 |       0 |   0.0 |      23 |       0 |   0.0
        D:2 |      48 |       0 |   0.0 |      17 |       0 |   0.0
        D:3 |      42 |      36 |  46.2 |      14 |       1 |   6.7
        D:4 |     112 |       0 |   0.0 |       3 |       0 |   0.0
        D:5 |     513 |      32 |   5.9 |      14 |       5 |  26.3
        D:6 |     880 |     216 |  19.7 |      20 |       2 |   9.1
        D:7 |    1126 |     442 |  28.2 |      40 |       2 |   4.8
        D:8 |    1153 |    2900 |  71.6 |      16 |      19 |  54.3
        D:9 |     469 |       0 |   0.0 |       8 |       0 |   0.0
     Lair:1 |    3495 |       0 |   0.0 |      17 |       0 |   0.0
     Lair:2 |    7969 |    1122 |  12.3 |      21 |       3 |  12.5
     Lair:3 |    5304 |    2304 |  30.3 |      23 |      11 |  32.4
     Lair:4 |    6112 |    2535 |  29.3 |      19 |       3 |  13.6
     Lair:5 |    2805 |    2119 |  43.0 |      12 |       2 |  14.3
    Abyss:1 |     368 |       0 |   0.0 |       5 |       0 |   0.0
      Sewer |       0 |     325 | 100.0 |       0 |      43 | 100.0
            +---------+---------+-------+---------+---------+-------
